 Dungeon Crawl Stone Soup version 0.31-a0-185-g9dded2c639 (webtiles) character file.

Game seed: 12111800724826235902

597 qw the Skirmisher (level 7, -6/40 HPs)
             Began as a Deep Elf Hunter on June 22, 2023.
             Mangled by an ogre
             ... wielding a +0 giant club
              (21 damage)
             ... on level 5 of the Dungeon.
             The game lasted 00:01:18 (3416 turns).

qw the Skirmisher (Deep Elf Hunter)                 Turns: 3416, Time: 00:01:19

Health: -6/40      AC:  9    Str: 10    XL:     7   Next: 17%
Magic:  9/9        EV: 11    Int: 14    God:
Gold:   173        SH:  0    Dex: 18    Spells: 6/6 levels left

rFire   . . .        j - +1 shortbow (heavy)
rCold   + . .        (shield currently unavailable)
rNeg    . . .        f - +0 ring mail
rPois   .            (no helmet)
rElec   .            i - +2 cloak
rCorr   .            l - +0 pair of gloves
SInv    .            (no boots)
Will    .....        (no amulet)
Stlth   +            b - ring of protection from cold
HPRegen 0.26/turn    (no ring)
MPRegen 0.11/turn

%: no passive effects
@: no status effects
A: no striking features
a: no special abilities


You were on level 5 of the Dungeon.
You visited 1 branch of the dungeon, and saw 5 of its levels.

You collected 173 gold pieces.


   Skills:
 - Level 2.2 Fighting
 + Level 10.2 Ranged Weapons
 - Level 1.7 Armour
 - Level 3.7 Dodging
 - Level 1.2 Stealth


You had 6 spell levels left.
You didn't know any spells.
Your spell library was empty.

Inventory:

Hand Weapons
 j - a +1 heavy shortbow (weapon)
Armour
 f - a +0 ring mail (worn)
 i - a +2 cloak (worn)
 l - a +0 pair of gloves (worn)
Jewellery
 b - a ring of protection from cold (left hand)
Scrolls
 c - a scroll of identify
Potions
 a - a potion of resistance
 d - 3 potions of curing
 e - a potion of berserk rage {unknown}
 g - a potion of enlightenment
 k - a potion of degeneration {unknown}

Dungeon Overview and Level Annotations

Branches:
Dungeon (5/15)
 Temple: D:4-7

Altars:
Fedhas
Sif Muna
Wu Jian


Message History

Enter note:
Enter note:
Enter note:
Enter note:
Enter note:
Enter note:
Enter note:
Enter note:
Enter note:
Enter note:
Enter note:
Enter note:
(D) Dungeon
Where to? (* - list waypoints, Enter - D:5 @ (x,y), ? - help)
What level of the Dungeon? (default 1, ? - help)
You climb downwards.
There is a stone staircase leading up here.
Found a stone staircase leading down.
An ogre comes into view. It is wielding a +0 giant club.
The ogre shouts!
You shoot an arrow.
The arrow hits the ogre but does no damage.
You shoot an arrow.
The arrow hits the ogre but does no damage.
You shoot an arrow. The arrow barely misses the ogre.
You shoot an arrow. The arrow hits the ogre!!
The ogre is severely wounded.
The ogre barely misses you.
You shoot an arrow. The arrow hits the ogre!
The ogre is almost dead.
The ogre barely misses you.
You shoot an arrow. The arrow barely misses the ogre.
The ogre hits you with a +0 giant club!!
Ouch! That really hurt!
You shoot an arrow.
The arrow hits the ogre but does no damage.
The ogre is almost dead.
The ogre hits you with a +0 giant club!!
Ouch! That really hurt!
You die...

#. ..## #. ... #.
#.# ... #. #.# ..
#. #.#####.## #|
#.##.....# #.
#.####.##.O...# #.
.....##.@...# #.
#..##.>...# #.
#.........# #.
#.##.###.## #.
#<##.###.# #.
#.###...## #. #.#
#..##############.
#.#
#..#..............
#.#
#..#.#############


You could see an ogre.

Vanquished Creatures
  2 ogres
  A phantom (D:4)
  A scorpion (D:5)
  A howler monkey (D:4)
  A hound (D:4)
  2 iguanas
  An orc wizard (D:5)
  3 adders
  2 ufetubi
  2 worms (D:2)
  2 dart slugs
  11 orcs
  7 endoplasms
  5 giant cockroaches
  6 goblins
  8 hobgoblins
  8 jackals
  6 kobolds
  A quokka (D:1)
  9 ball pythons
  7 bats
  3 frilled lizards
  6 rats
95 creatures vanquished.

Notes
Turn   | Place    | Note
-------+----------+-------------------------------------------
     0 | D:1      | qw the Deep Elf Hunter began the quest for the Orb.
     0 | D:1      | Reached XP level 1. HP: 12/12 MP: 3/3
     0 | D:1      | 0 ||| qw: Version: 0.3-a-9-g12657ce
     0 | D:1      | 0 ||| qw: Game counter: 1670
     0 | D:1      | 0 ||| qw: Always use a shield: true
     0 | D:1      | 0 ||| qw: God list: Okawaru
     0 | D:1      | 0 ||| qw: Allow faded altars: false
     0 | D:1      | 0 ||| qw: Do Orc after D:15 true
     0 | D:1      | 0 ||| qw: Do second Lair branch before Depths: true
     0 | D:1      | 0 ||| qw: Lair rune preference: random
     0 | D:1      | 0 ||| qw: Plans: Normal
     0 | D:1      | 0 ||| PLANNING D:1-11
   198 | D:1      | Reached XP level 2. HP: 11/16 MP: 4/4
   224 | D:1      | Reached skill level 6 in Ranged Weapons
   574 | D:1      | Reached XP level 3. HP: 16/20 MP: 5/5
   787 | D:1      | Reached skill level 7 in Ranged Weapons
   868 | D:1      | 868 ||| UPGRADING to +0 ring mail.
   878 | D:1      | 878 ||| DROPPING +0 leather armour.
   879 | D:1      | 879 ||| UPGRADING to +2 cloak.
   884 | D:1      | 884 ||| UPGRADING to +0 pair of gloves.
   889 | D:1      | 889 ||| DROPPING +6 ring of intelligence.
   890 | D:1      | 890 ||| READING scroll labelled JEWNOR UTEAR.
   891 | D:1      | 891 ||| READING scroll labelled PIEGIE OGIQUNI.
   896 | D:1      | 896 ||| READING scroll labelled JYAFAR ECOSA.
   897 | D:1      | 897 ||| DRINKING 2 amethyst potions.
   925 | D:1      | 925 ||| DROPPING scroll of butterflies.
   926 | D:1      | 926 ||| DROPPING potion of lignification.
  1552 | D:2      | 1552 ||| UPGRADING to ring of protection from cold.
  1553 | D:2      | 1553 ||| READING scroll labelled FENTEI FYAGIV.
  1836 | D:3      | Reached XP level 4. HP: 25/25 MP: 6/6
  1880 | D:3      | Found a shimmering blue altar of Sif Muna.
  1967 | D:3      | Found a blossoming altar of Fedhas.
  2023 | D:3      | Noticed an ogre
  2032 | D:3      | Killed an ogre
  2033 | D:3      | Reached skill level 8 in Ranged Weapons
  2033 | D:3      | Reached XP level 5. HP: 8/29 MP: 7/7
  2440 | D:3      | 2440 ||| READING scroll labelled GOEPOLL VAULI.
  2441 | D:3      | 2441 ||| READING scroll labelled NORATOFASS.
  2442 | D:3      | 2442 ||| DRINKING 2 fizzy red potions.
  2443 | D:3      | 2443 ||| READING 3 scrolls of identify.
  2443 | D:3      | 2443 ||| IDENTIFYING fizzy ruby potion
  2444 | D:3      | 2444 ||| READING 2 scrolls of identify.
  2444 | D:3      | 2444 ||| IDENTIFYING emerald potion
  2445 | D:3      | 2445 ||| DROPPING potion of attraction.
  2472 | D:4      | 2472 ||| PLANNING SEWER
  2481 | D:4      | Noticed an ogre
  2488 | D:4      | Killed an ogre
  2489 | D:4      | Reached skill level 9 in Ranged Weapons
  2608 | D:4      | Reached XP level 6. HP: 35/35 MP: 8/8
  2689 | D:4      | Reached skill level 1 in Armour
  2912 | D:4      | Found an ornate altar of the Wu Jian Council.
  3083 | D:4      | 3083 ||| RIP SEWER
  3134 | D:4      | 3134 ||| PLANNING D:1-11
  3182 | D:4      | 3182 ||| READING scroll labelled OTOEMECEG HUTE.
  3183 | D:4      | 3183 ||| READING scroll labelled REMUDE OSIWORCH.
  3184 | D:4      | 3184 ||| DRINKING 2 red potions.
  3194 | D:5      | Entered Level 5 of the Dungeon
  3209 | D:5      | Reached skill level 10 in Ranged Weapons
  3241 | D:5      | Reached skill level 3 in Dodging
  3241 | D:5      | Reached XP level 7. HP: 40/40 MP: 9/9
  3264 | D:5      | 3264 ||| FLEEEEING.
  3265 | D:5      | 3265 ||| FLEEEEING.
  3266 | D:5      | 3266 ||| FLEEEEING.
  3267 | D:5      | 3267 ||| FLEEEEING.
  3268 | D:5      | 3268 ||| FLEEEEING.
  3269 | D:5      | 3269 ||| FLEEEEING.
  3270 | D:5      | 3270 ||| FLEEEEING.
  3271 | D:5      | 3271 ||| FLEEEEING.
  3272 | D:5      | 3272 ||| FLEEEEING.
  3273 | D:5      | 3273 ||| FLEEEEING.
  3274 | D:5      | 3274 ||| FLEEEEING.
  3275 | D:5      | 3275 ||| FLEEEEING.
  3276 | D:5      | 3276 ||| FLEEEEING.
  3277 | D:5      | 3277 ||| FLEEEEING.
  3278 | D:5      | 3278 ||| FLEEEEING.
  3279 | D:5      | 3279 ||| FLEEEEING.
  3280 | D:5      | 3280 ||| FLEEEEING.
  3281 | D:5      | 3281 ||| FLEEEEING.
  3282 | D:5      | 3282 ||| FLEEEEING.
  3283 | D:5      | 3283 ||| FLEEEEING.
  3284 | D:5      | 3284 ||| FLEEEEING.
  3285 | D:5      | 3285 ||| FLEEEEING.
  3286 | D:5      | 3286 ||| STAIRDANCE
  3303 | D:5      | 3303 ||| STAIRDANCE
  3398 | D:5      | 3398 ||| STAIRDANCE
  3416 | D:5      | Mangled by an ogre

Levels and vault maps discovered:
D:1:      mushboom_english_gardens, layout_basic, minmay_quantized
D:2:      layout_basic, bh_walls_and_bars
D:3:      layout_basic, old_standard_altar, general_overflow_altar,
          columned_hall_lemuel
D:4:      layout_cave_pools, nicolae_overflow_hidden_temple,
          portal_sewer_entry_d, kennysheep_flooded_box,
          minmay_misc_feat_secret_circle, minivault_27, minmay_manual_macuahuitl
D:5:      layout_loops_ring

Skill      XL: |  1  2  3  4  5  6 |
---------------+-------------------+-----
Ranged Weapons | 6 7 8 9 10 | 10.2
Fighting       | 2 |  2.2
Armour         | 1 |  1.7
Dodging        | 3 |  3.7
Stealth        | |  1.2

Action                     |  1- 3 |  4- 6 |  7- 9 || total
---------------------------+-------+-------+-------++-------
   Fire: Shortbow          |   152 |   108 |    15 ||   275
    Use: Scroll            |     4 |     6 |       ||    10
         Potion            |     1 |     2 |       ||     3
 Armour: Leather armour    |    10 |       |       ||    10
         Ring mail         |     6 |    28 |     4 ||    38
  Dodge: Dodged            |    20 |    19 |     9 ||    48

Table legend:
 A = Non-vault XP
 B = Vault XP
 C = Vault XP percentage of total XP
 D = Non-vault monster count
 E = Vault monster count
 F = Vault count percentage of total count
                 A         B        C        D         E       F
            +---------+---------+-------+---------+---------+-------
      Total |     659 |     194 |  22.7 |      84 |      11 |  11.6
            +---------+---------+-------+---------+---------+-------
        D:1 |      56 |       7 |  11.1 |      33 |       5 |  13.2
        D:2 |      29 |       0 |   0.0 |      15 |       0 |   0.0
        D:3 |     151 |       0 |   0.0 |      11 |       0 |   0.0
        D:4 |     249 |     187 |  42.9 |      16 |       6 |  27.3
        D:5 |     174 |       0 |   0.0 |       9 |       0 |   0.0
            +---------+---------+-------+---------+---------+-------
